 Dungeon Crawl Stone Soup version 0.31.0-11-ge490571c62 (webtiles) character file.

Game seed: 14252835168329775213

4558 browni3141 the Cleaver (level 10, 0/90 HPs)
             Began as a Minotaur Fighter on Jan 29, 2024.
             Was a Priest of Okawaru.
             Slain by a polar bear (3 damage)
             ... on level 9 of the Dungeon.
             The game lasted 00:03:32 (5168 turns).

browni3141 the Cleaver (Minotaur Fighter)           Turns: 5168, Time: 00:03:32

Health: 0/90       AC: 11    Str: 25    XL:     10   Next: 18%
Magic:  9/9        EV:  8    Int:  5    God:    Okawaru [***...]
Gold:   346        SH:  6    Dex: 16    Spells: 9/9 levels left

rFire   + . .        a - +0 war axe
rCold   . . .        c - +0 buckler
rNeg    + . .        q - +0 chain mail
rPois   .            (helmet restricted)
rElec   +            (no cloak)
rCorr   .            (no gloves)
SInv    .            (no boots)
Will    .....        (no amulet) Stlth
                     k - ring "Alotruwk" {rElec rF+ rN+}
HPRegen 0.35/turn    p - +6 ring of dexterity
MPRegen 0.11/turn

%: no passive effects
@: no status effects
A: horns 2, retaliatory headbutt
a: Renounce Religion, Heroism


You were on level 9 of the Dungeon.
You worshipped Okawaru.
Okawaru was most pleased with you.
You visited 2 branches of the dungeon, and saw 9 of its levels.

You collected 346 gold pieces.

Inventory:

Hand Weapons
 a - a +0 war axe (weapon)
Missiles
 g - 12 boomerangs (quivered)
 s - a curare-tipped dart
Armour
 b - a +0 scale mail
 c - a +0 buckler (worn)
 q - a +0 chain mail (worn)
Jewellery
 k - the ring "Alotruwk" (left hand) {rElec rF+ rN+}
   (You found it on level 2 of the Dungeon)

   [ring of protection from fire]

   rF+:       It protects you from fire.
   rElec:     It insulates you from electricity.
   rN+:       It protects you from negative energy.
 l - an amulet of magic regeneration
 p - a +6 ring of dexterity (right hand)
Wands
 d - a wand of paralysis (9)
 f - a wand of roots (13)
 i - a wand of flame (18)
Scrolls
 e - 5 scrolls of identify {unknown}
 n - 2 scrolls of vulnerability {unknown}
 o - a scroll of acquirement {unknown}
Potions
 h - a potion of degeneration {unknown}
 m - a potion of cancellation {unknown}
 r - a potion of attraction {unknown}
 t - a potion of invisibility
 u - a potion of might
 v - a potion of haste


   Skills:
 + Level 8.8 Fighting
 * Level 11.5 Axes
 + Level 8.8 Armour
 + Level 8.8 Shields


You had 9 spell levels left.
You didn't know any spells.
Your spell library contained the following spells:

 Spells                   Type           Power      Damage    Failure   Level
 Petrify                  Alch/Erth      0%         N/A       100%        4
 Lee's Rapid Deconstruct  Erth           0%         3d4*      100%        5
 Bombard                  Conj/Erth      0%         9d1       100%        6
 Summon Small Mammal      Summ           Unusable   N/A       N/A         1
 Call Canine Familiar     Summ           Unusable   N/A       N/A         3
 Animate Armour           Summ/Erth      Unusable   N/A       N/A         4
 Summon Blazeheart Golem  Fire/Summ      Unusable   N/A       N/A         4
 Summon Lightning Spire   Summ/Air       Unusable   N/A       N/A         4

Dungeon Overview and Level Annotations

Branches:
Dungeon (9/15)             Temple (1/1) D:6
   Lair: D:8-11         Orc: D:9-12

Altars:
Ashenzari
Elyvilon
Gozag
Hepliaklqana
Makhleb
Nemelex Xobeh
Okawaru
Qazlal
Ru
Trog
Uskayaw
Wu Jian
Xom
Zin
The Shining One

Shops:
D:7 *=


Innate Abilities, Weirdness & Mutations

You have a pair of horns on your head.
You reflexively headbutt those who attack you in melee.


Message History

An ice beast is nearby!
You slash the ice beast!
The ice beast is moderately wounded.
The ice beast hits you. The ice beast freezes you.
An ice beast is nearby!
An ice beast is nearby!
You hit the ice beast.
You headbutt the ice beast, but do no damage.
The ice beast is heavily wounded.
You block the ice beast's attack.
You hit the ice beast.
The ice beast is severely wounded.
The ice beast hits you but does no damage.
You slash the ice beast!
You kill the ice beast!
Okawaru accepts your kill.
No target in view!
A wolf comes into view.
A wolf is nearby!
A wolf is nearby!
A wolf is nearby!
A wolf comes into view.
The wolf howls! x2; You hear an angry growl.
The polar bear growls angrily.
You hit the wolf but do no damage. You headbutt the wolf.
The wolf is lightly wounded.
The wolf closely misses you. You furiously retaliate!
You headbutt the wolf. You hit the wolf. You headbutt the wolf.
The wolf is heavily wounded.
The wolf barely misses you. You block the wolf's attack.
You slash the wolf!
The wolf is almost dead.
The wolf bites you but does no damage. The wolf bites you. x2
You slash the wolf!
You kill the wolf!
Okawaru accepts your kill.
You miss the wolf. The wolf bites you but does no damage.
You barely miss the polar bear. You barely miss the wolf.
The wolf bites you but does no damage. The wolf bites you!
You block the polar bear's attack. The polar bear closely misses you.
You block the polar bear's attack.
You closely miss the polar bear. You barely miss the wolf. The wolf bites you.
The wolf bites you but does no damage. The polar bear closely misses you.
You furiously retaliate!
You headbutt the polar bear!
The polar bear claws you but does no damage.
The polar bear closely misses you.
An ice beast comes into view.
You slash the polar bear!
You headbutt the polar bear, but do no damage.
The polar bear is heavily wounded.
You miss the wolf. The wolf bites you but does no damage.
The polar bear bites you! The polar bear barely misses you.
You block the polar bear's attack.
You barely miss the polar bear.
The polar bear is heavily wounded.
You hit the wolf. The wolf bites you but does no damage. The wolf bites you.
You hit the polar bear but do no damage.
You headbutt the polar bear.
The polar bear is heavily wounded.
You barely miss the wolf. You block the polar bear's attack. x2
The polar bear claws you. The wolf closely misses you.
You barely miss the polar bear. Your headbutt misses the polar bear.
The polar bear is heavily wounded.
You hit the wolf but do no damage.
The wolf stops to sniff the ground.
The wolf bites you but does no damage. The polar bear bites you!
The polar bear barely misses you.
The polar bear claws you but does no damage.
The wolf closely misses you. You furiously retaliate!
You headbutt the wolf. You hit the polar bear.
The polar bear is heavily wounded.
You miss the wolf. You block the wolf's attack.
The polar bear bites you but does no damage.
The polar bear claws you.
The polar bear claws you but does no damage.
You barely miss the polar bear. You headbutt the polar bear.
The polar bear is severely wounded.
You slash the wolf! The wolf bites you. The polar bear bites you.
The polar bear claws you but does no damage. x2
The wolf bites you.
You slash the polar bear! Your headbutt misses the polar bear.
The polar bear is almost dead.
You slash the wolf!
You kill the wolf!
Okawaru accepts your kill.
The polar bear goes berserk!
You completely miss the polar bear. Your headbutt misses the polar bear.
The polar bear is almost dead.
You closely miss the ice beast. You block the polar bear's attack.
The polar bear claws you but does no damage.
The polar bear claws you.
The ice beast hits you but does no damage.
You barely miss the polar bear.
The polar bear is almost dead.
You barely miss the ice beast.
The polar bear bites you but does no damage.
The polar bear claws you but does no damage. x2
The ice beast hits you but does no damage.
The polar bear bites you!! The polar bear claws you.
You die...

.. .# ## ## ..h...
.........##
....#.###.#.#.#.(.#
#................#
#.!....#.#.#.#...#
##...............#
#.......#h#.#.#.#
..~...(..Y@.....#
.......$#)#.#.#.#
....####.)$.....# #
##รท#.#.###
#.(....<#
#.#.#.#.##
h.#.......#
...#.#.#[#.##
....#........###


You could see a polar bear (berserk) and an ice beast.

Vanquished Creatures
  A rime drake (D:9)
  A hornet (D:9)
  A wraith (D:9)
  Eustachio (D:6)
  A wyvern (D:8)
  3 steam dragons
  An acid dragon (D:9)
  3 water moccasins
  7 ice beasts
  A sky beast (D:7)
  3 black bears
  An ogre (D:6)
  4 wolves (D:9)
  A centaur (D:9)
  4 kobold brigands
  3 bullfrogs
  A scorpion (D:7)
  4 wights
  3 killer bees (D:9)
  4 howler monkeys
  A bombardier beetle (D:6)
  2 orc priests
  A sleepcap (D:8)
  Terence (D:2)
  2 iguanas (D:6)
  6 orc wizards
  An adder (D:2)
  10 orcs
  4 endoplasms
  3 giant cockroaches
  A goblin (D:3)
  2 hobgoblins (D:2)
  3 quokkas
  3 ball pythons
  3 bats
  2 frilled lizards
  21 kobolds
  6 rats
120 creatures vanquished.

Vanquished Creatures (others)
  A kobold (D:8)
1 creature vanquished.

Grand Total: 121 creatures vanquished

Notes
Turn   | Place    | Note
-------+----------+-------------------------------------------
     0 | D:1      | browni3141 the Minotaur Fighter began the quest for the
                  | Orb.
     0 | D:1      | Reached XP level 1. HP: 19/19 MP: 0/0
     2 | D:1      | Noticed a tengu
     2 | D:1      | Noticed a vine stalker
     4 | D:1      | Noticed an elf
     6 | D:1      | Noticed a draconian
     6 | D:1      | Noticed an armataur
     8 | D:1      | Noticed a djinni
     8 | D:1      | Noticed a felid
    10 | D:1      | Noticed a troll
    10 | D:1      | Noticed a demigod
    12 | D:1      | Noticed a vampire
    14 | D:1      | Noticed a naga
    16 | D:1      | Noticed a ghoul
    16 | D:1      | Noticed a barachi
    18 | D:1      | Noticed a formicid
    18 | D:1      | Noticed an octopode
    20 | D:1      | Noticed a spriggan
    20 | D:1      | Noticed a demonspawn
    22 | D:1      | Noticed a minotaur
    24 | D:1      | Noticed a merfolk
    24 | D:1      | Noticed a human
    26 | D:1      | Noticed an oni
    26 | D:1      | Noticed a gargoyle
   272 | D:1      | Reached XP level 2. HP: 26/27 MP: 1/1
   296 | D:1      | Found a faded altar of an unknown god.
   438 | D:1      | Reached skill level 3 in Axes
   691 | D:2      | Identified the ring "Alotruwk" {rElec rF+ rN+}
   783 | D:2      | Noticed Terence
   794 | D:2      | Killed Terence
   795 | D:2      | Reached XP level 3. HP: 12/33 MP: 2/2
  1135 | D:3      | You fall into a shaft and drop 3 floors!
  1294 | D:6      | Found a sacrificial altar of Ru.
  1300 | D:6      | Reached skill level 4 in Axes
  1300 | D:6      | Reached XP level 4. HP: 40/40 MP: 3/3
  1310 | D:6      | Noticed a black bear
  1316 | D:6      | Killed a black bear
  1317 | D:6      | Reached XP level 5. HP: 45/47 MP: 4/4
  1341 | D:6      | Noticed Eustachio
  1355 | D:6      | Killed Eustachio
  1356 | D:6      | Reached skill level 5 in Fighting
  1356 | D:6      | Reached skill level 5 in Axes
  1356 | D:6      | Reached skill level 5 in Armour
  1356 | D:6      | Reached skill level 5 in Shields
  1356 | D:6      | Reached XP level 6. HP: 39/56 MP: 5/5
  1432 | D:6      | Found a hazy altar of Hepliaklqana.
  1433 | D:6      | Found a shimmering altar of Xom.
  1433 | D:6      | Noticed a spectral ugly thing
  1434 | D:6      | Noticed a yak
  1434 | D:6      | Noticed a yak
  1457 | D:6      | Found a staircase to the Ecumenical Temple.
  1480 | Temple   | Entered the Ecumenical Temple
  1609 | D:6      | Noticed a water moccasin
  1618 | D:6      | Killed a water moccasin
  1619 | D:6      | Reached skill level 6 in Axes
  1619 | D:6      | Reached XP level 7. HP: 24/61 MP: 6/6
  1910 | D:6      | Found a broken altar of Ashenzari.
  1914 | D:6      | Saw a vision of the Shoals and the Spider Nest.
  1914 | D:6      | Noticed a skyshark
  1914 | D:6      | Noticed a sea snake
  1914 | D:6      | Noticed a merfolk
  1914 | D:6      | Noticed a merfolk
  1914 | D:6      | Noticed a merfolk siren
  1914 | D:6      | Noticed a water nymph
  1914 | D:6      | Noticed a cyclops
  1914 | D:6      | Noticed a water nymph
  1914 | D:6      | Noticed a water nymph
  1914 | D:6      | Noticed a broodmother
  1914 | D:6      | Noticed a jumping spider
  1914 | D:6      | Noticed a demonic crawler
  1914 | D:6      | Noticed a tarantella
  1914 | D:6      | Noticed a moth of wrath
  1914 | D:6      | Noticed a radroach
  1914 | D:6      | Noticed a spark wasp
  1915 | D:6      | Noticed a jumping spider
  1915 | D:6      | Noticed a demonic crawler
  1915 | D:6      | Noticed a cyclops
  1916 | D:6      | Noticed a sea snake
  1917 | D:6      | Noticed a demonic crawler
  1917 | D:6      | Noticed a wolf spider
  1918 | D:6      | Noticed a pharaoh ant
  2311 | D:5      | Entered Level 5 of the Dungeon
  2311 | D:5      | Found an iron altar of Okawaru.
  2311 | D:5      | Found a glowing silver altar of Zin.
  2311 | D:5      | Found a sparkling altar of Nemelex Xobeh.
  2311 | D:5      | Found a stormy altar of Qazlal.
  2324 | D:5      | Became a worshipper of Warmaster Okawaru
  2438 | D:7      | Reached skill level 7 in Axes
  2559 | D:7      | Reached XP level 8. HP: 70/70 MP: 7/7
  2808 | D:7      | Reached * piety under Okawaru
  2825 | D:7      | Reached skill level 8 in Axes
  2944 | D:7      | Found Pakhyh's Jewellery Emporium.
  2970 | D:7      | Found an opulent altar of Gozag.
  2978 | D:7      | Found Gozag's Platinum Reserve.
  3385 | D:8      | Reached skill level 9 in Axes
  3549 | D:8      | Got the Teachings on the Volcano
  3603 | D:8      | Reached ** piety under Okawaru
  3604 | D:8      | Reached XP level 9. HP: 18/79 MP: 8/8
  4389 | D:9      | Reached skill level 10 in Axes
  4588 | D:9      | HP: 2/81 [poisoned by a killer bee]
  4822 | D:9      | Reached *** piety under Okawaru
  4867 | D:9      | Noticed a rime drake
  4876 | D:9      | Killed a rime drake
  4877 | D:9      | Reached skill level 11 in Axes
  4884 | D:9      | HP: 3/82 [ice beast (14)]
  4893 | D:9      | Reached XP level 10. HP: 23/90 MP: 9/9
  5168 | D:9      | HP: 3/90 [polar bear (23)]
  5168 | D:9      | Slain by a polar bear

Illustrated notes

Levels and vault maps discovered:
D:1:      kb_arrival_jail, layout_loops_ring,
          chequers_ecumenical_altar_simple_redux, serial_forest,
          infiniplex_forest_lined_room_3, infiniplex_forest_clump_double,
          infiniplex_forest_end_double, infiniplex_forest_lined_room_2
D:2:      layout_rooms, uniq_terence
D:3:      layout_rooms, palyth_temple_overflow_mages,
          biasface_ghost_orc_armoury, serial_curves, eino_curves_04,
          eino_curves_01, eino_curves_04, eino_curves_02, uniq_natasha
D:5:      layout_rooms, nicolae_overflow_hidden_temple, uniq_menkaure,
          uniq_blork_the_orc
D:6:      layout_basic, regret_index_temple_of_mockery,
          grunt_ashenzari_visionary [grunt_ashenzari_visionary_shoals,
          grunt_ashenzari_visionary_spider],
          nicolae_ru_great_annihilating_truth, minmay_temple_entry_offerings,
          uniq_eustachio
D:7:      layout_rooms, nicolae_gozag_zags_fifth_avenue, serial_shops, shop
D:8:      layout_loops_ring
D:9:      layout_loops_cross, hellmonk_lair_entry_icy,
          nicolae_shop_i_like_big_books, hangedman_abyss_or_decor_lesser_grid,
          st_stairs_12, grunt_ministairs_6
Temple:   hellmonk_temple_beads

Skill      XL: |  1  2  3  4  5  6  7  8  9 |
---------------+----------------------------+-----
Axes           | 3 4 5 6 7 9 11 | 11.5
Fighting       | 4 5 6 7 8 |  8.8
Armour         | 4 5 6 7 8 |  8.8
Shields        | 4 5 6 7 8 |  8.8

Action                     |  1- 3 |  4- 6 |  7- 9 | 10-12 || total
---------------------------+-------+-------+-------+-------++-------
  Melee: War axe           |    47 |    27 |   244 |    34 ||   352
         Headbutt          |     4 |     3 |    39 |     8 ||    54
  Throw: Boomerang         |       |       |       |     4 ||     4
  Evoke: Wand              |       |       |     1 |       ||     1
    Use: Potion            |       |     1 |     5 |       ||     6
   Stab: Paralysed         |       |     1 |       |       ||     1
 Armour: Scale mail        |    33 |    25 |   123 |       ||   181
         Chain mail        |       |       |   124 |    45 ||   169
  Dodge: Dodged            |    16 |    25 |   115 |    17 ||   173
  Block: Buckler           |     5 |     9 |    63 |    20 ||    97
